 Dungeon Crawl Stone Soup version 0.30-a0-368-g86fb4627a9 (webtiles) character file.

Game seed: 3492220925042607323

1759 qeuew the Covert (level 8, -1/36 HPs)
             Began as a Spriggan Enchanter on Nov 20, 2022.
             Was a Follower of Dithmenos.
             Slain by a vampire mosquito (5 damage)
             ... on level 6 of the Dungeon.
             The game lasted 00:09:14 (5927 turns).

qeuew the Covert (Spriggan Enchanter)               Turns: 5927, Time: 00:09:15

Health: -1/36      AC:  7    Str:  4    XL:     8   Next: 79%
Magic:  15/18      EV: 25    Int: 16    God:    Dithmenos [*.....]
Gold:   356        SH:  0    Dex: 18    Spells: 11/19 levels left

rFire   . . .      SeeInvis +    a - +2 dagger (drain)
rCold   . . .      Faith    .    (no shield)
rNeg    . . .      Spirit   .    b - +1 robe
rPois   .          Reflect  .    (helmet restricted)
rElec   .          Harm     .    (no cloak)
rCorr   .          Rampage  .    (gloves unavailable)
Will    +....                    (boots unavailable)
Stlth   ++++++....               (no amulet)
HPRegen 0.26/turn                p - +4 ring of protection
MPRegen 0.16/turn                m - +4 ring of evasion

@: confusing by touch, wreathed by umbra, very quick
A: very small, no large weapons, unfitting armour, see invisible, speed 3
a: Renounce Religion


You were on level 6 of the Dungeon.
You worshipped Dithmenos.
Dithmenos was aware of your devotion.
You visited 1 branch of the dungeon, and saw 6 of its levels.
You also visited: Sewer.

You collected 356 gold pieces.

Inventory:

Hand Weapons
 a - a +2 dagger of draining (weapon)
Armour
 b - a +1 robe (worn)
Jewellery
 m - a +4 ring of evasion (right hand)
 p - a +4 ring of protection (left hand)
 q - a ring of resist corrosion
Wands
 j - a wand of paralysis (10)
 n - a wand of digging (7)
 o - a wand of light (8)
Scrolls
 f - a scroll of blinking
 k - 2 scrolls of amnesia
 l - a scroll of brand weapon
 r - a scroll of identify
 s - a scroll of enchant weapon
Potions
 c - 2 potions of invisibility
 d - 4 potions of berserk rage
 e - 4 potions of curing
 g - 2 potions of heal wounds
 h - a potion of haste
 i - 3 potions of might


   Skills:
 + Level 4.9 Short Blades
 + Level 6.6 Dodging
 * Level 11.2 Stealth
 + Level 6.0 Spellcasting
 + Level 6.7 Hexes


You had 11 spell levels left.
You knew the following spells:

 Your Spells              Type           Power      Damage    Failure   Level
a - Ensorcelled Hibernat  Hex/Ice        30%        N/A       5%          2
b - Confusing Touch       Hex            26%        N/A       2%          3
c - Tukima's Dance        Hex            26%        N/A       2%          3

Your spell library contained the following spells:

 Spells                   Type           Power      Damage    Failure   Level
 Dazzling Flash           Conj/Hex       30%        N/A       11%         3
 Portal Projectile        Hex/Tloc       30%        N/A       11%         3
 Cigotuvi's Dreadful Rot  Necr/Pois/Air  8%         N/A       21%         2
 Poisonous Vapours        Pois/Air       8%         N/A       21%         2
 Sublimation of Blood     Necr           4%         N/A       21%         2
 Wereblood                Tmut           4%         N/A       21%         2
 Mephitic Cloud           Conj/Pois/Air  4%         N/A       38%         3
 Stone Arrow              Conj/Erth      8%         3d7       38%         3
 Silence                  Hex/Air        7%         N/A       67%         5
 Animate Armour           Summ/Erth      8%         N/A       80%         4
 Agony                    Necr           4%         N/A       98%         5
 Blade Hands              Tmut           2%         N/A       98%         5
 Summon Hydra             Summ           2%         N/A       100%        7
 Lehudib's Crystal Spear  Conj/Erth      2%         10d2      100%        8


Dungeon Overview and Level Annotations

Branches:
Dungeon (6/15)              Sewer (visited)
 Temple: D:4-7

Altars:
Dithmenos
Makhleb
Nemelex Xobeh
Qazlal
The Shining One

Shops:
D:1 *   D:2 ?


Innate Abilities, Weirdness & Mutations

You are very small and have problems with some larger weapons.
You are too small for most types of armour.
You have supernaturally acute eyesight. (SInv)
You cover ground extremely quickly. (Speed+++)


Message History

You hit the vampire mosquito.
The vampire mosquito is lightly damaged.
The vampire mosquito completely misses you.
The vampire mosquito misses you.
The vampire mosquito closely misses you.
You barely miss the vampire mosquito.
The vampire mosquito is lightly damaged.
The vampire mosquito bites you!
The vampire mosquito draws strength from your injuries!
The vampire mosquito closely misses you.
The vampire mosquito completely misses you.
You miss the vampire mosquito.
The vampire mosquito is lightly damaged.
The vampire mosquito misses you.
The vampire mosquito bites you but does no damage.
The vampire mosquito bites you!
The vampire mosquito draws strength from your injuries!
You are too injured to fight recklessly!
You are too injured to fight recklessly!
You are too injured to fight recklessly!
You are too injured to fight recklessly!
You are too injured to fight recklessly!
You are too injured to fight recklessly!
You are too injured to fight recklessly!
You are too injured to fight recklessly!
You are too injured to fight recklessly!
You are too injured to fight recklessly!
You are too injured to fight recklessly!
You are too injured to fight recklessly!
You are too injured to fight recklessly!
You are too injured to fight recklessly!
Casting: Confusing Touch (dangerous; 2% risk of failure)
Confirm with . or Enter, or press ? or * to list all spells.
Your hands begin to glow red.
The vampire mosquito barely misses you. The vampire mosquito bites you!
* * * LOW HITPOINT WARNING * * *
The vampire mosquito draws strength from your injuries!
The vampire mosquito bites you but does no damage.
The vampire mosquito bites you.
You die...

##.####..#......#.#####
##........#......#.#####
##........##.......(....#
#..........#............#
#.......................#
#.........##............#
#.........##............#
#.........###y.y........#
#.........# ##@##########
#.........# #..#
#.........# ##...
#..>......# ####
#.........# ##.......##
##.....## #######


You could see 2 vampire mosquitoes.

Vanquished Creatures
  A wyvern (D:6)
  Edmund (D:5)
  2 vampire mosquitoes (D:5)
  A water moccasin (Sewer)
  An ice beast (D:5)
  A black bear (D:5)
  2 ogres (D:5)
  A centaur (D:6)
  A bullfrog (D:6)
  4 scorpions
  3 hounds (D:5)
  A jelly (D:5)
  An iguana (D:5)
  3 gnolls (D:5)
  9 adders
  2 river rats (D:6)
  A white imp (D:6)
  An ufetubus (D:5)
  3 worms
  A dart slug (D:3)
  9 orcs
  15 ball pythons
  9 endoplasms
  4 giant cockroaches
  4 hobgoblins
  12 jackals
  3 quokkas
  7 bats
  2 frilled lizards (D:2)
  7 goblins
  8 kobolds
  10 rats
130 creatures vanquished.

Vanquished Creatures (others)
  7 demonic plants (D:2)
7 creatures vanquished.

Grand Total: 137 creatures vanquished

Notes
Turn   | Place    | Note
-------+----------+-------------------------------------------
     0 | D:1      | qeuew the Spriggan Enchanter began the quest for the Orb.
     0 | D:1      | Reached XP level 1. HP: 9/9 MP: 5/5
   112 | D:1      | Reached XP level 2. HP: 13/13 MP: 6/6
   122 | D:1      | Learned a level 2 spell: Ensorcelled Hibernation
   210 | D:1      | Reached skill level 5 in Stealth
   359 | D:1      | Found Xoshid's Assorted Antiques.
   558 | D:1      | Reached XP level 3. HP: 14/16 MP: 8/8
  1055 | D:2      | Found Nuxeyr's Magic Scroll Emporium.
  1798 | D:2      | Reached XP level 4. HP: 21/21 MP: 9/9
  2077 | D:2      | Reached skill level 6 in Stealth
  2207 | D:2      | Learned a level 3 spell: Confusing Touch
  2211 | D:2      | Learned a level 3 spell: Tukima's Dance
  2822 | D:3      | Found a shadowy altar of Dithmenos.
  2839 | D:3      | Became a worshipper of Dithmenos the Shadowed
  3194 | D:3      | Reached XP level 5. HP: 10/24 MP: 6/11
  3984 | D:5      | Entered Level 5 of the Dungeon
  4001 | D:5      | Noticed an ice beast
  4009 | D:5      | Killed an ice beast
  4010 | D:5      | Reached skill level 7 in Stealth
  4010 | D:5      | Reached XP level 6. HP: 20/28 MP: 8/12
  4093 | D:5      | Noticed Edmund
  4109 | D:5      | Killed Edmund
  4110 | D:5      | Reached skill level 5 in Hexes
  4226 | D:5      | Reached skill level 8 in Stealth
  4288 | D:5      | Found a stormy altar of Qazlal.
  4363 | D:5      | Reached XP level 7. HP: 29/32 MP: 14/14
  4567 | D:5      | Reached skill level 5 in Dodging
  4568 | D:5      | Found a sparkling altar of Nemelex Xobeh.
  4620 | D:5      | Found a glowing golden altar of the Shining One.
  4741 | D:5      | Reached * piety under Dithmenos
  4742 | D:5      | Reached skill level 9 in Stealth
  5176 | D:6      | Noticed a wyvern
  5180 | D:6      | Killed a wyvern
  5181 | D:6      | Reached skill level 5 in Spellcasting
  5181 | D:6      | Reached XP level 8. HP: 36/36 MP: 16/16
  5336 | D:6      | Found a glowing drain.
  5352 | D:6      | Reached skill level 10 in Stealth
  5364 | Sewer    | Entered a sewer
  5720 | D:6      | Found a burning altar of Makhleb.
  5833 | D:5      | Reached skill level 11 in Stealth
  5927 | D:6      | Slain by a vampire mosquito

Illustrated notes

Levels and vault maps discovered:
D:1:      onia_arrival_handbag, layout_basic, serial_shops,
          nicolae_shop_temple_entry_statues_fountains, minmay_liquid_box
D:2:      layout_basic, serial_shops, nicolae_shop_advertising_works
          [nicolae_subvault_shop_adworks], minivault_5,
          dreamdust_princess_corridor, chequers_jeans
D:3:      layout_loops_corners, nicolae_dithmenos_the_darkroom
D:4:      layout_gridville
D:5:      layout_gridville, nemelex_dance_club_becter, lemuel_tele_altar,
          nicolae_tso_carved_into_rock, kennysheep_generic_room_15, uniq_edmund
D:6:      layout_rooms, kennysheep_mini_moat, portal_sewer_entry_b

Skill      XL: |  1  2  3  4  5  6  7  8 |
---------------+-------------------------+-----
Stealth        | 5 6 7 8 9 11 | 11.2
Dodging        | 3 4 5 6 |  6.6
Spellcasting   | 3 4 5 6 |  6.0
Hexes          | 4 5 6 |  6.7
Short Blades   | 2 3 4 |  4.9

Action                   |  1- 3 |  4- 6 |  7- 9 || total
-------------------------+-------+-------+-------++-------
Melee: Dagger            |   149 |   141 |    96 ||   386
       Punch             |     2 |     1 |     2 ||     5
 Cast: Ensorcelled Hiber |     2 |    12 |    20 ||    34
       Confusing Touch   |       |     1 |     3 ||     4
  Use: Scroll            |     3 |    10 |     1 ||    14
       Potion            |     2 |     2 |       ||     4
 Stab: Sleeping          |    18 |    19 |    19 ||    56
       Confused          |       |     2 |     3 ||     5
       Distracted        |       |       |     1 ||     1
Armor: Robe              |    14 |    18 |    23 ||    55
Dodge: Dodged            |   103 |   107 |   169 ||   379

Table legend: (Time is in decaauts)
 A = Elapsed time spent in this place.
 B = Non-inter-level travel time spent in this place.
 C = Inter-level travel time spent in this place.
 D = Time resting spent in this place.
 E = Time spent auto-exploring this place.
 F = Levels seen in this place.
 G = Mean time per level.
                   A        B        C        D        E       F      G
               +--------+--------+--------+--------+--------+-----+--------+
         Total |   4155 |   4048 |    107 |     85 |   3167 |   7 |  593.6 |
       Dungeon |   4052 |   3945 |    107 |     85 |   3090 |   6 |  675.3 |
         Sewer |    103 |    103 |      0 |      0 |     76 |   1 |  103.0 |
               +--------+--------+--------+--------+--------+-----+--------+

Top non-repeatable levels by time:
     D:5: 950 daAuts
     D:2: 831 daAuts
     D:3: 767 daAuts
     D:1: 699 daAuts
     D:4: 424 daAuts
     D:6: 379 daAuts
   Sewer: 103 daAuts
